 Dungeon Crawl Stone Soup version 0.17-a0-1637-g5d65775 (webtiles) character file.

988 karlkraus the Shield-Bearer (level 8, -4/61 (62) HPs)
             Began as a Hill Orc Fighter on Aug 7, 2015.
             Slain by an ogre
             ... wielding a +0 giant club
              (14 damage)
             ... on level 5 of the Dungeon.
             The game lasted 00:11:08 (4428 turns).

karlkraus the Shield-Bearer (Hill Orc Fighter)      Turns: 4428, Time: 00:11:08

HP:   -4/61 (62)    AC: 10    Str: 24    XL:     8   Next: 18%
MP:   8/8           EV:  7    Int:  8    God:
Gold: 130           SH: 10    Dex: 10    Spells: 0 memorised, 7 levels left

rFire  + . .     SeeInvis .     a - +0 flail
rCold  + . .     Rnd*Rage +     u - +2 chain mail {rF+}
rNeg   + . .     SustAt   +     c - +0 shield
rPois  .         Gourm    .     (helmet restricted)
rElec  .         Spirit   .     (no cloak)
rCorr  .         Warding  +     z - +0 pair of gloves {Str+3}
rMut   .         Stasis   .     q - +0 pair of boots
MR     ++...                    n - amulet of warding
Stlth  ..........               r - ring of sustain attributes
                                h - ring of protection from cold

@: very resistant to hostile enchantments, extremely unstealthy
A: antennae 1, hooves 1, berserk 1, deformed body, frail 1, magic resistance 2
a: no special abilities


You were on level 5 of the Dungeon.
You were hungry.

You visited 1 branch of the dungeon, and saw 5 of its levels.

You collected 130 gold pieces.

Inventory:

Hand weapons
 a - a +0 flail (weapon)
Armour
 c - a +0 shield (worn)
 q - a +0 pair of boots (worn)
 u - a +2 chain mail of fire resistance (worn)
 z - a +0 pair of gloves of strength (worn)
Jewellery
 h - a ring of protection from cold (left hand)
 n - an amulet of warding (around neck)
 r - a ring of sustain attributes (right hand)
Magical devices
 d - a wand of random effects (18)
 B - a wand of magic darts (30)
Scrolls
 f - 3 scrolls of remove curse
 g - 4 scrolls of identify
 i - a scroll of random uselessness {unknown}
 l - a scroll of magic mapping {unknown}
 p - 2 scrolls of noise {unknown}
 t - 2 scrolls of enchant weapon {unknown}
 x - 2 scrolls of amnesia {unknown}
 y - a scroll of teleportation {unknown}
 A - a scroll of blinking {unknown}
Potions
 b - a potion of lignification
 k - 2 potions of haste
 m - a potion of flight
 o - 5 potions of resistance
 v - a potion of agility
 w - a potion of curing
Comestibles
 e - 4 bread rations
 j - 3 fruits
 s - a slice of pizza
 C - 4 chunks of flesh


   Skills:
 + Level 5.5 Fighting
 + Level 4.2 Maces & Flails
 + Level 5.9 Armour
 + Level 2.8 Dodging
 + Level 0.1 Stealth
 + Level 6.4 Shields


You had 7 spell levels left.
You didn't know any spells.

Dungeon Overview and Level Annotations

Branches:
Dungeon (5/15)             Temple (0/1) D:4

Altars:
Cheibriados
Makhleb
Nemelex Xobeh
Vehumet
Xom
Zin
The Shining One

Shops:
D:5 :


Innate Abilities, Weirdness & Mutations

You have a pair of small antennae on your head.
You have large cloven feet.
You tend to lose your temper in combat.
Armour fits poorly on your strangely shaped body.
You are frail (-10% HP).
You are highly resistant to hostile enchantments.


Message History

You hit the ogre but do no damage.
The ogre is severely wounded.
The ogre hits you with a giant club!!
* * * LOW HITPOINT WARNING * * *
You are too injured to fight recklessly!
You are too injured to fight recklessly!
You barely miss the ogre.
The ogre is severely wounded.
You barely miss the ogre.
The ogre is severely wounded.
The ogre barely misses you. The ogre hits you but does no damage.
You closely miss the ogre.
The ogre is severely wounded.
You barely miss the ogre.
The ogre is severely wounded.
You block the ogre's attack.
You sock the ogre!
The ogre is almost dead.
The ogre hits you with a giant club!
You die...

......#.#.#.##.......#
......#+#.#'##.......#
..#+##.............#...
#.#.##.......###≈≈######
#...............≈## ⌠##
#...#####.#####.≈# ≈≈≈#
#.........# #.≈#
..§≈###### .........##
#.≈#≈...§⌠#...# #...####.#
#.@O.._.≈##...# ########.#
##≈#≈§..§⌠#...# .......#.#
#§#≈...≈##...# ######.#.#
#§# ≈≈≈§##...# # #.#.#
#§##⌠#⌠###...# # #.#.#
#§§######.####
######.#.########§.......#
#......†..............#..#
#.......#....^.##.....#..#


You could see an ogre.

Vanquished Creatures
  Sigmund (D:5)
  A hippogriff (D:4)
  A necrophage (D:4)
  An ogre (D:4)
  A centaur (D:5)
  3 hounds
  4 worker ants
  Terence (D:3)
  An iguana (D:4)
  3 gnolls (D:4)
  11 adders
  A shadow imp (D:5)
  An adder skeleton (D:4)
  A worm (D:4)
  3 giant geckos
  3 orcs
  2 ball pythons
  8 bats
  5 giant cockroaches
  4 hobgoblins
  7 jackals
  5 kobolds
  A quokka (D:2)
  A ball python skeleton (D:4)
  3 giant newts
  4 goblins
  7 rats
84 creatures vanquished.

Notes
Turn   | Place    | Note
--------------------------------------------------------------
     0 | D:1      | karlkraus the Hill Orc Fighter began the quest for the Orb.
     0 | D:1      | Reached XP level 1. HP: 19/19 MP: 1/1
   234 | D:1      | Reached XP level 2. HP: 27/27 MP: 2/2
  1032 | D:2      | Reached skill level 1 in Dodging
  1052 | D:2      | Reached XP level 3. HP: 33/33 MP: 3/3
  1182 | D:2      | Found a sparkling altar of Nemelex Xobeh.
  1388 | D:2      | Found a glowing golden altar of the Shining One.
  1502 | D:3      | Reached XP level 4. HP: 35/40 MP: 4/4
  1529 | D:3      | Found a snail-covered altar of Cheibriados.
  1567 | D:3      | Noticed Terence
  1581 | D:3      | Killed Terence
  1581 | D:3      | Reached skill level 4 in Armour
  1963 | D:3      | Reached XP level 5. HP: 37/46 MP: 5/5
  2720 | D:4      | Found a glowing silver altar of Zin.
  2751 | D:4      | Noticed an ogre
  2762 | D:4      | Killed an ogre
  2762 | D:4      | Reached XP level 6. HP: 18/53 MP: 6/6
  2782 | D:5      | Entered Level 5 of the Dungeon
  2978 | D:5      | Gained mutation: Armour fits poorly on your strangely shaped body. [potion of mutation]
  2978 | D:5      | Gained mutation: You have large cloven feet. [potion of mutation]
  2978 | D:5      | Gained mutation: You tend to lose your temper in combat. [potion of mutation]
  3075 | D:4      | Found a shimmering altar of Xom.
  3075 | D:4      | Found a shimmering altar of Xom.
  3075 | D:4      | Found a shimmering altar of Xom.
  3076 | D:4      | Found a shimmering altar of Xom.
  3115 | D:4      | Noticed a hippogriff
  3117 | D:4      | Noticed a necrophage
  3126 | D:4      | Killed a hippogriff
  3126 | D:4      | Reached skill level 5 in Armour
  3126 | D:4      | Reached skill level 5 in Shields
  3126 | D:4      | Reached XP level 7. HP: 13/59 MP: 7/7
  3132 | D:4      | Killed a necrophage
  3132 | D:4      | Reached skill level 5 in Fighting
  3141 | D:4      | HP: 3/60 [poisoned by an adder]
  3664 | D:4      | Found a radiant altar of Vehumet.
  3758 | D:4      | Found a staircase to the Ecumenical Temple.
  3880 | D:4      | Gained mutation: You are resistant to hostile enchantments. [potion of mutation]
  3880 | D:4      | Gained mutation: You are frail (-10% HP). [potion of mutation]
  3881 | D:4      | Gained mutation: You are agile. (Dex +2) [potion of mutation]
  3882 | D:4      | Gained mutation: You have a pair of small antennae on your head. [potion of mutation]
  3882 | D:4      | Gained mutation: You are highly resistant to hostile enchantments. [potion of mutation]
  3882 | D:4      | Lost mutation: You are agile. (Dex +2) [potion of mutation]
  4118 | D:5      | Found Yvvunyph's Book Boutique.
  4282 | D:5      | Noticed Sigmund
  4291 | D:5      | Killed Sigmund
  4291 | D:5      | Reached skill level 6 in Shields
  4291 | D:5      | Reached XP level 8. HP: 46/60 MP: 8/8
  4416 | D:5      | Found a burning altar of Makhleb.
  4428 | D:5      | Slain by an ogre

Vault maps used:
D:1:      kilobyte_arrival_exit_the_forest, serial_bayou_lagoon_a,
          minmay_liquid_box, minmay_newt_pond
D:2:      nemelex_deck, tso_altar
D:3:      lemuel_crystal_altar, serial_glass, glass_columns_a, glass_columns_b,
          minmay_strange_pillars, due_unseen_surprise, feat_on_display,
          uniq_terence
D:4:      xom_redecorated, lemuel_round_altar, lemuel_crystal_altar,
          minmay_temple_entry_large_hall
D:5:      lightli_temple_of_fire, serial_shops, shop_fountains, shop,
          first_bread, uniq_sigmund

Action                   |  1- 3 |  4- 6 |  7- 9 || total
-------------------------+-------+-------+-------++-------
Melee: Flail             |   139 |   115 |   132 ||   386
Evoke: Wand              |       |       |     1 ||     1
  Use: Potion            |       |     5 |     3 ||     8
       Scroll            |       |     7 |       ||     7
  Eat: Chunk             |     2 |     4 |     5 ||    11
       Fruit             |       |     2 |       ||     2
